 Dungeon Crawl Stone Soup version 0.30-a0-824-g6c64550be9 (webtiles) character file.

Game seed: 10276499505199684901

27 Hubjo the Firebug (level 2, -2/21 HPs)
             Began as a Demonspawn Fire Elementalist on Feb 27, 2023.
             Killed from afar by a white imp (13 damage)
             ... with a puff of frost
             ... summoned by Natasha
             ... on level 2 of the Dungeon.
             The game lasted 00:01:40 (1962 turns).

Hubjo the Firebug (Demonspawn Fire Elementalist)    Turns: 1962, Time: 00:01:41

Health: -2/21      AC:  2    Str:  8    XL:     2   Next: 93%
Magic:  0/5        EV: 12    Int: 18    God:
Gold:   89         SH:  0    Dex: 13    Spells: 4/5 levels left

rFire   + . .      SeeInvis .    (no weapon)
rCold   x . .      Faith    .    (no shield)
rNeg    . . .      Spirit   .    a - +0 robe
rPois   .          Reflect  .    (no helmet)
rElec   .          Harm     .    (no cloak)
rCorr   .          Rampage  .    (no gloves)
Will    .....                    (no boots)
Stlth   ++                       (no amulet)
HPRegen 0.23/turn                c - ring of fire
MPRegen 0.09/turn                (no ring)

@: no status effects
A: big brain 1
a: no special abilities


You were on level 2 of the Dungeon.
You visited 1 branch of the dungeon, and saw 2 of its levels.

You collected 89 gold pieces.

Inventory:

Armour
 a - a +0 robe (worn)
Jewellery
 c - a ring of fire (left hand)
Scrolls
 e - a scroll of magic mapping {unknown}
 h - 2 scrolls of identify {unknown}
 j - a scroll of enchant armour {unknown}
 k - a scroll of poison {unknown}
Potions
 b - a potion of magic
 d - a potion of might {unknown}
 f - a potion of degeneration {unknown}
 g - 3 potions of haste {unknown}
 i - a potion of curing {unknown}


   Skills:
 * Level 1.3 Fighting
 - Level 1.7 Dodging
 + Level 2.1 Stealth
 + Level 2.1 Spellcasting
 + Level 1.4 Conjurations
 + Level 2.8 Fire Magic


You had 4 spell levels left.
You knew the following spells:

 Your Spells              Type           Power      Damage    Failure   Level
a - Foxfire               Conj/Fire      56%        2x1d6     8%          1

Your spell library contained the following spells:

 Spells                   Type           Power      Damage    Failure   Level
 Scorch                   Fire           36%        2d7       9%          2
 Cigotuvi's Dreadful Rot  Necr/Pois/Air  2%         N/A       26%         2
 Poisonous Vapours        Pois/Air       2%         N/A       26%         2
 Sublimation of Blood     Necr           1%         N/A       26%         2
 Inner Flame              Hex/Fire       10%        N/A       30%         3
 Kindle Blastsparks       Fire/Tloc/Air  16%        2d11      34%         3
 Mephitic Cloud           Conj/Pois/Air  3%         N/A       41%         3
 Flame Wave               Conj/Fire      14%        2d6       58%         4
 Petrify                  Tmut/Erth      1%         N/A       87%         4
 Irradiate                Conj/Tmut      2%         3d12      98%         5


Dungeon Overview and Level Annotations

Branches:
Dungeon (2/15)

Altars:

Shops:
D:1 [

Annotations:
D:1 1 runed translucent door
D:2 Natasha


Innate Abilities, Weirdness & Mutations

You have an unusually large brain. (Int +2)


Message History

You feel a surge of power!
You conjure some foxfire!
You feel a surge of power!
You miscast Foxfire.
You are very lightly contaminated with residual magic.
Nothing appears to happen.
The foxfire hits the bat.
The bat is moderately wounded.
The bat barely misses you.
The foxfire hits the bat.
You kill the bat!
You feel a surge of power!
You conjure some foxfire!
Your foxfire dissipates!
Your foxfire dissipates!
Your magical contamination has completely faded away.
Found a stone staircase leading up.
You see here a bat corpse.
Natasha, Servant of Life and Death comes into view.
Natasha is nearby!
You feel a surge of power!
You conjure some foxfire!
You feel a surge of power!
You conjure some foxfire!
The foxfire hits Natasha.
Natasha is moderately wounded.
The foxfire hits Natasha but does no damage.
Natasha is moderately wounded.
Natasha mumbles some strange words.
You feel a surge of power!
You conjure some foxfire!
Natasha casts a spell.
You feel a surge of power!
You conjure some foxfire!
The foxfire hits Natasha.
Natasha is moderately wounded.
The foxfire hits Natasha.
Natasha is severely wounded.
A rat comes into view.
You feel a surge of power!
You conjure some foxfire!
Natasha misses you.
Your foxfire dissipates!
Natasha attacks as you move away! Natasha misses you.
The foxfire hits Natasha.
Natasha is almost dead.
Natasha mumbles some strange words.
The white imp attacks as you move away! The white imp barely misses you.
The white imp gestures at you. The puff of frost hits you!
You feel a terrible chill! The white imp gestures at you.
The puff of frost hits you!
You feel a terrible chill!
Ouch! That really hurt!
You die...

#...........###.##
#
................#
#...........#####
#####...#####
#...# #...#
####...#
#.....#####
....#..@..5h# ...
#.#####r# .# #. .#
.. 55 .#. .## ..
.# #. ##


You could see Natasha, a white imp (summoned) and a rat.

Vanquished Creatures
  4 bats
  An endoplasm (D:1)
  A giant cockroach (D:1)
  2 goblins
  3 hobgoblins (D:1)
  4 jackals (D:2)
  A kobold (D:1)
  2 quokkas (D:1)
  2 ball pythons
  2 frilled lizards (D:1)
  2 rats
24 creatures vanquished.

Vanquished Creatures (others)
  89 foxfires
89 creatures vanquished.

Grand Total: 113 creatures vanquished

Notes
Turn   | Place    | Note
-------+----------+-------------------------------------------
     0 | D:1      | Hubjo the Demonspawn Fire Elementalist began the quest for
                  | the Orb.
     0 | D:1      | Reached XP level 1. HP: 13/13 MP: 3/3
     0 | D:1      | Noticed a jelly
     1 | D:1      | Found a runed translucent door.
   731 | D:1      | Found Jang's Armour Shoppe.
   801 | D:1      | Gained mutation: You have an unusually large brain. (Int
                  | +2) [demonic ancestry]
   801 | D:1      | Reached XP level 2. HP: 20/20 MP: 0/5
   979 | D:1      | Reached skill level 1 in Fighting
  1954 | D:2      | Noticed Natasha
  1957 | D:2      | Noticed a crimson imp
  1958 | D:2      | Noticed a crimson imp
  1962 | D:2      | Killed from afar by a white imp

Illustrated notes

Levels and vault maps discovered:
D:1:      dpeg_arrival_caged_fury, layout_basic, serial_shops, shop,
          minmay_quantized
D:2:      layout_loops_cross, chequers_ecumenical_altar_grove, uniq_sigmund,
          uniq_natasha, uniq_jessica

Skill      XL: |  1  2 |
---------------+-------+-----
Fighting       | 1 |  1.3
Stealth        | 2 |  2.1
Dodging        | |  1.7
Spellcasting   | |  2.1
Conjurations   | |  1.4
Fire Magic     | |  2.8

Action                     || total
---------------------------++-------
  Melee: Unarmed           ||    11
   Cast: Foxfire           ||    61
 Armour: Robe              ||     3
  Dodge: Dodged            ||    22

Table legend: (Time is in decaauts)
 A = Elapsed time spent in this place.
 B = Non-inter-level travel time spent in this place.
 C = Inter-level travel time spent in this place.
 D = Time resting spent in this place.
 E = Time spent auto-exploring this place.
 F = Levels seen in this place.
 G = Mean time per level.
                   A        B        C        D        E       F      G
               +--------+--------+--------+--------+--------+-----+--------+
         Total |   1961 |   1943 |     18 |      0 |   1755 |   2 |  980.5 |
       Dungeon |   1961 |   1943 |     18 |      0 |   1755 |   2 |  980.5 |
               +--------+--------+--------+--------+--------+-----+--------+

Top non-repeatable levels by time:
     D:1: 1671 daAuts
     D:2: 289 daAuts
